 Dungeon Crawl Stone Soup version 0.28-a0-1387-g3a22ab9bdc (webtiles) character file.

Game seed: 12666564424086314675

33023 Deminshera the Severer (level 13, -1/126 HPs)
             Began as a Hill Orc Abyssal Knight on Jan 2, 2022.
             Was a High Priest of Lugonu.
             Slain by a cane toad (4 damage)
             ... while petrified by a basilisk
             ... on level 6 of the Lair of Beasts.
             The game lasted 00:29:03 (26296 turns).

Deminshera the Severer (Hill Orc Abyssal Knight)   Turns: 26296, Time: 00:29:04

Health: -1/126     AC: 15    Str: 21    XL:     13   Next: 68%
Magic:  18/24      EV:  2    Int: 14    God:    Lugonu [*****.]
Gold:   332        SH:  0    Dex: 13    Spells: 12/12 levels left

rFire   + . .      SeeInvis .   O - +4 war axe (elec)
rCold   + . .      Faith    .   o - +0 buckler
rNeg    + + +      Spirit   .   P - +5 chain mail of Gravity {rElec rCorr Int+4}
rPois   ∞          Reflect  .   p - +1 helmet
rElec   +          Harm     .   n - +0 cloak
rCorr   +          Rampage  .   I - +0 pair of gloves
Will    .....                   J - -2 pair of boots of Altruism {rF+ rC+}
Stlth   ..........              (no amulet)
HPRegen 0.31/turn               y - ring "Xykuoff" {Fly rPois rN+ Dex+2 Slay+2}
MPRegen 0.19/turn               H - +4 ring of slaying

@: petrified, corroded, flying
A: no striking features
a: Renounce Religion, Depart the Abyss, Bend Space, Banish, Corrupt, Enter the
Abyss


You were on level 6 of the Lair of Beasts.
You worshipped Lugonu.
Lugonu was extremely pleased with you.
You visited 3 branches of the dungeon, and saw 17 of its levels.
You visited the Abyss 1 time.
You also visited: Sewer.

You collected 1060 gold pieces.
You spent 728 gold pieces at shops.

Inventory:

Hand Weapons
 a - a +1 short sword of distortion
 O - a +4 war axe of electrocution (weapon)
Missiles
 b - 133 poisoned darts (quivered)
 Q - a throwing net
Armour
 n - a +0 cloak (worn)
 o - a +0 buckler (worn)
 p - a +1 helmet (worn)
 D - a +1 pair of boots
 I - a +0 pair of gloves (worn)
 J - the -2 pair of boots of Altruism (worn) {rF+ rC+}
   (You found it on level 6 of the Dungeon)

   rF:        It protects you from fire.
   rC:        It protects you from cold.
 P - the +5 chain mail of Gravity (worn) {rElec rCorr Int+4}
   (You took it off an orc warrior on level 6 of the Dungeon)

   Int:       It affects your intelligence (+4).
   rElec:     It insulates you from electricity.
   rCorr:     It protects you from acid and corrosion.
Jewellery
 h - a ring of protection from cold
 l - a ring of fire
 u - a ring of ice
 y - the ring "Xykuoff" (left hand) {Fly rPois rN+ Dex+2 Slay+2}
   (You acquired it on level 10 of the Dungeon)

   [ring of poison resistance]

   Dex:       It affects your dexterity (+2).
   Slay:      It affects your accuracy & damage with ranged weapons and melee
   (+2).
   rPois:     It protects you from poison.
   rN:        It protects you from negative energy.
   Fly:       It grants you flight.
 F - a +4 ring of slaying
 H - a +4 ring of slaying (right hand)
Wands
 s - a wand of flame (22)
 w - a wand of acid (7)
 z - a wand of paralysis (17)
 G - a wand of digging (5)
 K - a wand of polymorph (11)
Scrolls
 c - a scroll of summoning
 f - 8 scrolls of teleportation
 i - 3 scrolls of fog
 k - 3 scrolls of vulnerability
 q - a scroll of fear
 A - a scroll of acquirement
 C - 2 scrolls of blinking
 E - a scroll of magic mapping
 N - 3 scrolls of amnesia
Potions
 d - 2 potions of berserk rage
 e - 5 potions of lignification
 g - a potion of resistance
 j - 3 potions of flight
 m - 2 potions of might
 r - 3 potions of heal wounds
 t - 4 potions of brilliance
 v - a potion of cancellation
 x - 7 potions of curing
 B - a potion of attraction
 L - a potion of haste


   Skills:
 + Level 15.1 Fighting
 + Level 16.0 Axes
 + Level 6.2 Armour
 + Level 6.1 Dodging
 + Level 4.2 Shields
 + Level 15.1 Invocations


You had 12 spell levels left.
You didn't know any spells.
Your spell library contained the following spells:

 Spells                   Type           Power      Damage    Failure   Level
 Sandblast                Erth           0%         2d4       93%         1
 Slow                     Hex            0%         N/A       93%         1
 Sting                    Tmut/Pois      0%         1d3       93%         1
 Passwall                 Tmut/Erth      0%         N/A       98%         2
 Confusing Touch          Hex            0%         N/A       100%        3
 Dazzling Flash           Conj/Hex       0%         N/A       100%        3
 Gell's Gravitas          Tloc           0%         N/A       100%        3
 Lesser Beckoning         Tloc           0%         N/A       100%        3
 Stone Arrow              Conj/Erth      0%         3d7       100%        3
 Swiftness                Air            0%         N/A       100%        3
 Teleport Other           Tloc           0%         N/A       100%        3
 Vampiric Draining        Necr           0%         2d6       100%        3
 Olgreb's Toxic Radiance  Pois           0%         N/A       100%        4
 Agony                    Necr           0%         N/A       100%        5
 Alistair's Intoxication  Tmut/Pois      0%         N/A       100%        5
 Silence                  Hex/Air        0%         N/A       100%        5


Dungeon Overview and Level Annotations

Branches:
Dungeon (10/15)            Temple (1/1) D:5            Lair (6/6) D:10
  Swamp (0/4) Lair:4       Spider (0/4) Lair:2        Slime (0/5) Lair:5
    Orc (0/2) D:9           Sewer (visited)

Altars:
Dithmenos
Elyvilon
Fedhas
Gozag
Makhleb
Nemelex Xobeh
Okawaru
Sif Muna
Trog
Uskayaw
Vehumet
Wu Jian
Xom
Zin
Beogh
Jiyva

Shops:
D:10 ?*

Annotations:
D:5 1 runed translucent door
D:9 3 runed translucent doors
Abyss:1 Grim's ghost, journeyman FoFi; Stonecrops's ghost, novice DsGl


Message History

The six-headed hydra bites you but does no damage.
The cane toad stings you. The goliath frog hits you from afar!
You are splashed with acid.
You resist.
The komodo dragon hisses menacingly.
The six-headed hydra bites you but does no damage.
The six-headed hydra bites you.
The six-headed hydra bites you but does no damage.
The six-headed hydra bites you. x2; The six-headed hydra bites you!
The cane toad stings you but does no damage.
The cane toad stings you. The cane toad stings you!
The goliath frog hits you but does no damage.
The cane toad stings you but does no damage. x3
The six-headed hydra bites you but does no damage.
The six-headed hydra bites you! x3
* * * LOW HITPOINT WARNING * * *
The six-headed hydra bites you but does no damage. x2
The goliath frog hits you from afar!
* * * LOW HITPOINT WARNING * * *
You are splashed with acid.
You resist.
* * * LOW HITPOINT WARNING * * *
The cane toad stings you!
* * * LOW HITPOINT WARNING * * *
The cane toad stings you.
* * * LOW HITPOINT WARNING * * *
The cane toad stings you!
* * * LOW HITPOINT WARNING * * *
The six-headed hydra bites you!
* * * LOW HITPOINT WARNING * * *
The six-headed hydra bites you but does no damage. x3
The six-headed hydra bites you!
* * * LOW HITPOINT WARNING * * *
The six-headed hydra bites you but does no damage.
The goliath frog hits you but does no damage.
The cane toad stings you!
* * * LOW HITPOINT WARNING * * *
The komodo dragon bites you.
* * * LOW HITPOINT WARNING * * *
The cane toad stings you but does no damage.
The cane toad stings you!
You die...

≈.:........
≈.........
...........
#...........
#............
#.F..........
##FFD...........
#..@F...........
#...l...........
#...............
#.#.....##.......
##.##..##........
## ##......[....
###........P
##.........#
#.#.........


You could see a six-headed hydra, a komodo dragon, a goliath frog and 3 cane
toads.

Vanquished Creatures
  A catoblepas (Lair:2)
  A hydra (Lair:4)
  2 two-headed ogres
  A lindwurm (Lair:2)
  A wolf spider (Lair:2)
  6 elephants
  An ice statue (D:9)
  A black mamba (Lair:3)
  A gargoyle (D:10)
  5 cane toads
  5 rime drakes
  9 komodo dragons
  The ghost of Stonecrops the Covered, a novice GrFi (D:4)
  3 polar bears
  3 trolls
  A hornet (Lair:3)
  9 blink frogs
  A jumping spider (Lair:2)
  2 basilisks (Lair:2)
  5 wyverns
  2 steam dragons
  25 yaks
  3 redbacks (Lair:2)
  Menkaure (D:4)
  12 water moccasins
  6 orc warriors
  A sky beast (D:5)
  3 black bears
  3 ogres
  A necrophage (D:8)
  2 centaurs
  A phantom (D:6)
  A gnoll sergeant (D:9)
  5 kobold brigands
  11 bullfrogs
  2 scorpions
  A wyvern zombie (D:8)
  A wyvern skeleton (D:7)
  5 killer bees (D:10)
  3 wights
  6 electric eels
  2 bullfrog zombies
  5 centaur zombies
  5 jellies
  A bullfrog skeleton (D:5)
  2 hounds
  A gnoll shaman (D:8)
  4 orc priests
  Ijyb (D:4)
  5 iguanas
  4 orc wizards
  A hound skeleton (D:8)
  A howler monkey zombie (D:7)
  Robin (D:4)
  9 gnolls
  7 adders
  2 white imps
  An ufetubus (D:6)
  2 worms (D:2)
  A dart slug (D:4)
  53 orcs
  13 ball pythons
  8 bats
  25 endoplasms
  14 giant cockroaches
  11 hobgoblins
  2 jackals (D:5)
  26 kobolds
  13 quokkas
  10 frilled lizards
  13 goblins
  9 rats
406 creatures vanquished.

Vanquished Creatures (others)
  2 orcs (D:8)
  18 fungi
  31 plants
  8 toadstools (Lair:2)
59 creatures vanquished.

Grand Total: 465 creatures vanquished

Notes
Turn   | Place    | Note
-------+----------+-------------------------------------------
     0 | Abyss:1  | Deminshera the Hill Orc Abyssal Knight began the quest for
                  | the Orb.
     0 | Abyss:1  | Reached XP level 1. HP: 19/19 MP: 2/2
    58 | Abyss:1  | Found a corrupted altar of Lugonu.
   122 | Abyss:1  | Noticed a large abomination
   123 | D:1      | Escaped the Abyss
   480 | D:1      | Reached skill level 3 in Axes
   549 | D:1      | Reached XP level 2. HP: 27/27 MP: 3/3
   690 | D:1      | Reached skill level 1 in Dodging
   711 | D:1      | Reached * piety under Lugonu
   996 | D:1      | Reached XP level 3. HP: 3/33 MP: 5/5
  1922 | D:2      | Found a radiant altar of Vehumet.
  2542 | D:2      | Found a faded altar of an unknown god.
  2962 | D:2      | Reached XP level 4. HP: 30/40 MP: 6/6
  3065 | D:2      | Reached skill level 4 in Axes
  3419 | D:3      | Found a shadowy altar of Dithmenos.
  3439 | D:3      | You fall into a shaft and drop 1 floor!
  3482 | D:4      | Reached XP level 5. HP: 30/47 MP: 7/7
  3535 | D:4      | Reached ** piety under Lugonu
  3782 | D:4      | Noticed Robin
  3820 | D:4      | Killed Robin
  4354 | D:3      | Reached skill level 5 in Axes
  4571 | D:3      | Identified the +1 robe of Fortification {-Cast Rampage
                  | rPois}
  4720 | D:3      | Reached XP level 6. HP: 53/53 MP: 8/8
  4874 | D:4      | Noticed Ijyb
  4898 | D:4      | Killed Ijyb
  5245 | D:4      | Found an opulent altar of Gozag.
  5315 | D:4      | Noticed Menkaure
  5325 | D:4      | Killed Menkaure
  5720 | D:4      | Found a shimmering blue altar of Sif Muna.
  5823 | D:5      | Entered Level 5 of the Dungeon
  5843 | D:5      | Found a runed translucent door.
  5847 | D:5      | Noticed Stonecrops's ghost (novice GrFi)
  5869 | D:5      | Found a staircase to the Ecumenical Temple.
  5898 | D:5      | Reached skill level 5 in Fighting
  5909 | D:5      | Noticed a black bear
  5919 | D:5      | Killed a black bear
  5920 | D:5      | Reached skill level 6 in Axes
  5920 | D:5      | Reached XP level 7. HP: 50/61 MP: 10/10
  5951 | Temple   | Entered the Ecumenical Temple
  6611 | D:5      | Reached skill level 7 in Axes
  6611 | D:5      | Reached skill level 5 in Invocations
  6696 | D:5      | Found an ornate altar of the Wu Jian Council.
  6842 | D:5      | Noticed a +0 hand axe
  6842 | D:5      | Noticed a +0 hand axe
  6847 | D:5      | Found a hide-covered altar of Uskayaw.
  7216 | D:5      | Found a runed translucent door.
  7281 | D:5      | Found a glowing silver altar of Zin.
  7542 | D:5      | Reached XP level 8. HP: 51/70 MP: 11/11
  8535 | D:6      | Reached skill level 8 in Axes
  8539 | D:6      | Found a glowing drain.
  8565 | Sewer    | Entered a sewer
  8655 | Sewer    | Reached *** piety under Lugonu
 11228 | D:6      | Reached XP level 9. HP: 72/78 MP: 15/15
 11303 | D:6      | Found a runed translucent gate.
 11303 | D:6      | Noticed Stonecrops's ghost (novice DsGl)
 11304 | D:6      | Found a runed translucent gate.
 11305 | D:6      | Found a runed translucent gate.
 11305 | D:6      | Identified the +5 chain mail of Gravity {rElec rCorr Int+4}
 11392 | D:6      | Found a white marble altar of Elyvilon.
 11547 | D:6      | Found a roughly hewn altar of Beogh.
 11576 | D:6      | Reached **** piety under Lugonu
 11903 | D:6      | Banished Stonecrops's ghost
 11907 | D:6      | Reached skill level 10 in Fighting
 11950 | D:6      | Identified the -2 pair of boots of Altruism {rF+ rC+}
 12588 | D:7      | Reached skill level 9 in Axes
 13300 | D:7      | Reached skill level 10 in Axes
 13697 | D:8      | Found a runed translucent gate.
 13697 | D:8      | Found a runed translucent gate.
 13697 | D:8      | Found a runed translucent gate.
 13699 | D:8      | Noticed Grim's ghost (journeyman FoFi)
 13699 | D:8      | Noticed a ten-headed hydra
 13701 | D:8      | Noticed a nine-headed hydra
 13746 | D:8      | Reached XP level 10. HP: 93/93 MP: 16/16
 13876 | D:8      | Reached skill level 5 in Armour
 14260 | D:7      | Reached skill level 5 in Dodging
 14483 | D:8      | Noticed a six-headed hydra
 14508 | D:7      | Banished a six-headed hydra
 15753 | D:8      | Found a blossoming altar of Fedhas.
 15963 | D:8      | Noticed an oklob plant
 16000 | D:8      | Banished an oklob plant
 16279 | D:8      | Found a burning altar of Makhleb.
 16445 | D:8      | Banished a ten-headed hydra
 16446 | D:8      | Reached skill level 10 in Invocations
 16446 | D:8      | Banished a nine-headed hydra
 16447 | D:8      | Reached XP level 11. HP: 95/104 MP: 9/18
 16447 | D:8      | Banished Grim's ghost
 16556 | D:9      | Noticed a two-headed ogre
 16556 | D:9      | Noticed a two-headed ogre
 16567 | D:8      | Banished a two-headed ogre
 16568 | D:8      | Banished a two-headed ogre
 17051 | D:4      | Killed Stonecrops's ghost
 17552 | D:9      | Found an iron altar of Okawaru.
 17624 | D:9      | Found a bloodstained altar of Trog.
 17948 | D:9      | Found a runed translucent door.
 17957 | D:9      | Found a runed translucent door.
 17974 | D:9      | Found a runed translucent door.
 18035 | D:9      | Reached ***** piety under Lugonu
 18072 | D:9      | Found a staircase to the Orcish Mines.
 18221 | D:9      | Noticed a two-headed ogre
 18227 | D:9      | Killed a two-headed ogre
 18228 | D:9      | Reached skill level 11 in Axes
 18363 | D:9      | Found a runed translucent door.
 19002 | D:10     | Entered Level 10 of the Dungeon
 19011 | D:10     | Found Mufeaty's Fire Supplies.
 19033 | D:10     | Found a sparkling altar of Nemelex Xobeh.
 19057 | D:10     | Found a shimmering altar of Xom.
 19491 | D:10     | Noticed a two-headed ogre
 19520 | D:10     | Killed a two-headed ogre
 19521 | D:10     | Reached XP level 12. HP: 79/115 MP: 21/21
 19766 | D:10     | Found a staircase to the Lair.
 19774 | D:10     | Found Woppatao's Magic Scroll Shop.
 19942 | D:10     | Reached skill level 12 in Axes
 20093 | D:10     | Bought a scroll of acquirement for 728 gold pieces
 20093 | D:10     | Acquired the ring "Xykuoff" {Fly rPois rN+ Dex+2 Slay+2}
 20111 | Lair:1   | Entered Level 1 of the Lair of Beasts
 20621 | Lair:1   | Reached skill level 1 in Shields
 20754 | Lair:1   | Noticed a five-headed hydra
 20762 | Lair:1   | Banished a six-headed hydra
 21037 | Lair:2   | Found a hole to the Spider Nest.
 21846 | Lair:2   | Reached skill level 13 in Axes
 21998 | Lair:2   | Found a runed translucent door.
 22022 | Lair:2   | Noticed a catoblepas
 22735 | Lair:2   | Killed a catoblepas
 22748 | Lair:2   | Got the Guide on Envenoming
 22972 | Lair:3   | Reached XP level 13. HP: 124/125 MP: 23/23
 23583 | Lair:3   | Reached skill level 14 in Axes
 24064 | Lair:4   | Reached skill level 15 in Fighting
 24129 | Lair:4   | Found a staircase to the Swamp.
 24567 | Lair:4   | Reached skill level 15 in Invocations
 24732 | Lair:4   | Reached skill level 15 in Axes
 25575 | Lair:5   | Reached skill level 16 in Axes
 26046 | Lair:5   | Found a viscous altar of Jiyva.
 26046 | Lair:5   | Found a staircase to the Slime Pits.
 26185 | Lair:6   | Entered Level 6 of the Lair of Beasts
 26296 | Lair:6   | HP: 4/126 [cane toad (5)]
 26296 | Lair:6   | Slain by a cane toad

Illustrated notes

Levels and vault maps discovered:
D:1:      ncdulo_halloftheorcs, layout_loops_ring, serial_co_window_serial,
          co_window_paths_b, co_window_corner_a, co_window_corner_a,
          co_window_of_opportunity_a, co_window_paths_a, co_window_paths_a,
          co_window_cross_1, co_window_of_opportunity_b, co_window_2corner,
          co_window_corner_ca, co_window_broadway_c, co_window_unsneaky_path_a,
          co_window_paths_e, co_window_4corner_a, glass_columns_a,
          glass_columns_a, glass_columns_a, glass_columns_c, glass_columns_a,
          hangedman_decor_points
D:2:      layout_rooms, basic_ecumenical_altar, basic_altar, st_stairs_6
D:3:      layout_rooms, nicolae_dithmenos_through_a_glass_darkly
D:4:      layout_cave_pools, mainiacjoe_overflow_paths,
          mainiacjoe_overflow_surrounded_room, uniq_robin, uniq_menkaure,
          uniq_ijyb
D:5:      layout_loops_corners, zin_scriptorium, dancing_weapons_uskayaw,
          mainiacjoe_overflow_concentric_impassable, temple_hall,
          ebering_ghost_sewer_f, minmay_starry_boxes
D:6:      kennysheep_six_static_rooms, layout_rooms,
          mainiacjoe_overflow_alcove_2, portal_sewer_entry_c,
          biasface_ghost_orc_armoury
D:7:      layout_loops_ring
D:8:      lemuel_slime, layout_loops_ring, makhleb_blood_cavern_becter,
          fedhas_bush_and_centaur_altar, gammafunk_ghost_hydra_chop,
          palyth_stone_intersect, minmay_fractal_squares_5
D:9:      layout_roguey, overflow_temple_1_default, trog_ov_bears_minmay,
          hiddenorc2_lemuel, minmay_statue_crystal_thing
D:10:     layout_basic, nemelex_xobeh_ov_fountains_minmay, xom_butterflies,
          lair_entry_dummy, serial_shops, shop, nicolae_shop_fire_sale
          [nicolae_sub_dead_trees], eino_curves_04
Temple:   jpeg_temple_island
Lair:1:   layout_gridlike, serial_bayou_lake_a, infiniplex_staircase_pool_2,
          lemuel_fruit_tree
Lair:2:   gammafunk_lair_enchanted_lake, layout_chaotic_city,
          spider_nest_entry_funnel_web, chequers_serial_rivers_small_a,
          guppyfry_lair_drakes
Lair:3:   layout_regular_city
Lair:4:   layout_cave_pods, swamp_mist
Lair:5:   layout_gridlike, dpeg_slime_entry_enclosed_altar,
          serial_bayou_shore_a, lemuel_fruit_fields
Lair:6:   minmay_lair_end_frog_pond, layout_hall_layers,
          ebering_ghost_disaster_area

Skill      XL: |  1  2  3  4  5  6  7  8  9 10 11 12 13 |
---------------+----------------------------------------+-----
Axes           | 3 4 5 6 7 8 10 11 13 16 | 16.0
Dodging        | 1 2 4 6 |  6.1
Fighting       | 4 5 6 10 11 13 14 15 | 15.1
Invocations    | 3 4 5 8 10 12 14 15 | 15.1
Armour         | 3 4 6 |  6.2
Shields        | 4 |  4.2

Action                   |  1- 3 |  4- 6 |  7- 9 | 10-12 | 13-15 || total
-------------------------+-------+-------+-------+-------+-------++-------
Melee: Hand axe          |    87 |   134 |       |       |       ||   221
       Dagger            |       |    25 |   302 |       |       ||   327
       Short sword       |       |       |   167 |   132 |       ||   299
       War axe           |       |       |       |   316 |   151 ||   467
Throw: Dart              |       |     9 |       |     3 |       ||    12
Invok: Depart the Abyss  |     1 |       |       |       |       ||     1
       Banish            |       |       |     3 |     7 |     5 ||    15
       Bend Space        |       |       |       |     4 |       ||     4
  Use: Potion            |       |     2 |       |       |       ||     2
       Scroll            |       |       |     5 |    16 |     2 ||    23
 Stab: Petrifying        |       |       |       |     1 |       ||     1
       Petrified         |       |       |       |     1 |       ||     1
Armor: Leather armour    |    17 |       |       |       |       ||    17
       Scale mail        |    11 |    96 |   252 |    44 |       ||   403
       Chain mail        |       |       |       |   172 |   108 ||   280
Dodge: Dodged            |    45 |   111 |   326 |   231 |    46 ||   759
Block: Buckler           |       |       |       |    32 |    26 ||    58

Table legend: (Time is in decaauts)
 A = Elapsed time spent in this place.
 B = Non-inter-level travel time spent in this place.
 C = Inter-level travel time spent in this place.
 D = Time resting spent in this place.
 E = Time spent auto-exploring this place.
 F = Levels seen in this place.
 G = Mean time per level.
                   A        B        C        D        E       F      G
               +--------+--------+--------+--------+--------+-----+--------+
         Total |  26389 |  25685 |    704 |   9836 |  12531 |  19 | 1388.9 |
       Dungeon |  18917 |  18358 |    559 |   8629 |   7395 |  10 | 1891.7 |
        Temple |    356 |    356 |      0 |    341 |      0 |   1 |  356.0 |
          Lair |   6133 |   5988 |    145 |    537 |   4833 |   6 | 1022.2 |
         Abyss |    123 |    123 |      0 |      0 |     52 |   1 |  123.0 |
         Sewer |    859 |    859 |      0 |    329 |    251 |   1 |  859.0 |
               +--------+--------+--------+--------+--------+-----+--------+

Top non-repeatable levels by time:
     D:5: 3121 daAuts
     D:7: 2563 daAuts
     D:1: 2195 daAuts
     D:6: 2162 daAuts
     D:8: 2089 daAuts
     D:9: 1980 daAuts
     D:4: 1966 daAuts
  Lair:2: 1934 daAuts
  Lair:4: 1359 daAuts
    D:10: 1104 daAuts
  Lair:3: 1087 daAuts
     D:2: 1005 daAuts
  Lair:1: 895 daAuts
   Sewer: 859 daAuts
  Lair:5: 748 daAuts
